 Dungeon Crawl Stone Soup version 0.27-a0-29-g2d0a2396b0 (webtiles) character file.

Game seed: 1470656525834773343

61 sahdkjhfkaj the Ruffian (level 3, -4/33 HPs)
             Began as a Troll Transmuter on Jan 3, 2021.
             Slain by a gnoll
             ... wielding a +0 halberd
              (18 damage)
             ... on level 2 of the Dungeon.
             The game lasted 00:01:12 (741 turns).

sahdkjhfkaj the Ruffian (Troll Transmuter)           Turns: 741, Time: 00:01:13

Health: -4/33      AC:  6    Str: 19    XL:     3   Next: 83%
Magic:  3/3        EV: 10    Int:  9    God:
Gold:   67         SH:  0    Dex: 10    Spells: 1/4 levels left

rFire    . . .     SeeInvis .     - Unarmed
rCold    . . .     Faith    .   (no shield)
rNeg     . . .     Spirit   .   a - +0 robe
rPois    .         Reflect  .   (helmet restricted)
rElec    .         Harm     .   (no cloak)
rCorr    .         Rampage  .   (gloves unavailable)
Will     .....                  (boots unavailable)
Stlth    +.........             (no amulet)
HPRegen  0.51/turn              (no ring)
MPRegen  0.08/turn              (no ring)

@: no status effects
A: large, unfitting armour, claws 3, regeneration 1, shaggy fur 1, tough skin 3
a: no special abilities


You were on level 2 of the Dungeon.
You visited 1 branch of the dungeon, and saw 2 of its levels.

You collected 67 gold pieces.

Inventory:

Armour
 a - a +0 robe (worn)
Scrolls
 c - a scroll of teleportation {unknown}
 e - a scroll of immolation {unknown}
 g - a scroll of fog {unknown}
 h - a scroll of remove curse {unknown}
 i - a scroll of magic mapping {unknown}
 k - a scroll of fear {unknown}
 l - a scroll of identify {unknown}
Potions
 b - a potion of magic {unknown}
 d - a potion of flight {unknown}
 f - a potion of might
 j - a potion of curing
 m - a potion of invisibility {unknown}


   Skills:
 - Level 1.0 Fighting
 - Level 2.0 Dodging
 + Level 3.5 Unarmed Combat
 - Level 1.2 Spellcasting
 * Level 2.4 Transmutations


You had one spell level left.
You knew the following spells:

 Your Spells              Type           Power        Failure   Level
a - Beastly Appendage     Tmut           10%          13%         1
T - Wereblood             Tmut           5%           21%         2

Your spell library contained the following spells:

 Spells                   Type           Power        Failure   Level
 Spider Form              Tmut/Pois      1%           54%         3
 Ice Form                 Ice/Tmut       2%           91%         4
 Blade Hands              Tmut           2%           98%         5


Dungeon Overview and Level Annotations

Branches:
Dungeon (2/15)

Altars:
Okawaru
Qazlal
Xom


Innate Abilities, Weirdness & Mutations

You are too large for most types of armour.
You have claws for hands.
Your natural rate of healing is unusually fast.
You are covered in fur. (AC +1)
You have extremely tough skin. (AC +3)


Message History

The gnoll hits you from afar with a +0 spear.
There is a stone staircase leading up here.
The gnoll barely misses you.
You climb upwards.
There is a stone staircase leading down here.
HP restored.
Done exploring.
You climb downwards.
The gnoll hits you from afar with a +0 halberd!
The gnoll completely misses you. The gnoll closely misses you.
The gnoll hits you but does no damage.
There is a stone staircase leading up, spattered with blood here.
The gnoll hits you but does no damage.
You barely miss the gnoll. The gnoll barely misses you.
The gnoll hits you but does no damage. The gnoll hits you with a +0 spear.
You barely miss the gnoll.
The gnoll hits you from afar with a +0 spear.
The gnoll hits you with a +0 halberd!!
Ouch! That really hurt!
You die...

#.#..#
#.#..####### .#
#..........#
#.#
###...####.#
#.# #...# #.#
#.# . #...#
#.## #.# .#
##.## #.#.##
#.# .#
#†###.###.###.#
.# #†...#
##.<@g# .#
#.###.# #.###g#
.# #.# #.# #g#
.####.# #.# #?#
......# ## #.#
.###### #.# ##
#.# # #.# # #.#


You could see 3 gnolls.

Vanquished Creatures
  2 gnolls
  A dart slug (D:1)
  4 leopard geckos (D:1)
  A giant cockroach (D:2)
  2 goblins (D:1)
  3 hobgoblins (D:1)
  2 jackals (D:1)
  A quokka (D:2)
  4 bats (D:1)
  6 frilled lizards (D:1)
  6 kobolds (D:1)
  4 rats
36 creatures vanquished.

Notes
Turn   | Place    | Note
-------+----------+-------------------------------------------
     0 | D:1      | sahdkjhfkaj the Troll Transmuter began the quest for the
                  | Orb.
     0 | D:1      | Reached XP level 1. HP: 18/18 MP: 1/1
    60 | D:1      | Reached skill level 1 in Fighting
   104 | D:1      | Reached XP level 2. HP: 16/27 MP: 2/2
   152 | D:1      | Learned a level 2 spell: Wereblood
   332 | D:1      | Reached XP level 3. HP: 33/33 MP: 3/3
   619 | D:2      | Found a shimmering altar of Xom.
   619 | D:2      | Found a stormy altar of Qazlal.
   619 | D:2      | Found an iron altar of Okawaru.
   741 | D:2      | Slain by a gnoll

Illustrated notes

Levels and vault maps discovered:
D:1:      evilmike_arrival_fibonacci_small, layout_rooms, minmay_nonomino_d4
D:2:      layout_loops_ring, lemuel_round_altar, nicolae_tso_carved_into_rock,
          gammafunk_temple_overflow_forgotten

Skill      XL: |  1  2 |
---------------+-------+-----
Fighting       | 1 |  1.0
Dodging        | 2 |  2.0
Transmutations | 2 |  2.4
Unarmed Combat | |  3.5
Spellcasting   | |  1.2

Action                   || total
-------------------------++-------
Melee: Unarmed           ||   116
  Use: Potion            ||     2
Armor: Robe              ||    54
Dodge: Dodged            ||    87

Table legend: (Time is in decaauts)
 A = Elapsed time spent in this place.
 B = Non-inter-level travel time spent in this place.
 C = Inter-level travel time spent in this place.
 D = Time resting spent in this place.
 E = Time spent auto-exploring this place.
 F = Levels seen in this place.
 G = Mean time per level.
                   A        B        C        D        E       F      G
               +--------+--------+--------+--------+--------+-----+--------+
         Total |    735 |    713 |     22 |      0 |    446 |   2 |  367.5 |
       Dungeon |    735 |    713 |     22 |      0 |    446 |   2 |  367.5 |
               +--------+--------+--------+--------+--------+-----+--------+

Top non-repeatable levels by time:
     D:1: 646 daAuts
     D:2: 88 daAuts
